 Dungeon Crawl Stone Soup version 0.27-a0-1099-g7f87ac42b0 (webtiles) character file.

Game seed: 12447347865551530916

45 Notrik the Skirmisher (level 3, -5/33 HPs)
             Began as a Hill Orc Fighter on Apr 27, 2021.
             Slain by Sigmund
             ... wielding a +0 scythe
              (8 damage)
             ... on level 3 of the Dungeon on Apr 28, 2021.
             The game lasted 00:03:27 (1859 turns).

Notrik the Skirmisher (Hill Orc Fighter)            Turns: 1859, Time: 00:03:28

Health: -5/33      AC:  7    Str: 19    XL:     3   Next: 64%
Magic:  3/3        EV:  7    Int:  8    God:
Gold:   49         SH:  9    Dex: 10    Spells: 2/2 levels left

rFire    . . .     SeeInvis .   a - +0 war axe
rCold    . . .     Faith    .   c - +0 kite shield
rNeg     . . .     Spirit   .   b - +0 scale mail
rPois    .         Reflect  .   (no helmet)
rElec    .         Harm     .   (no cloak)
rCorr    .         Rampage  .   (no gloves)
Will     .....                  (no boots)
Stlth    ..........             (no amulet)
HPRegen  0.11/turn              (no ring)
MPRegen  0.08/turn              (no ring)

@: no status effects
A: no striking features
a: no special abilities


You were on level 3 of the Dungeon.
You visited 1 branch of the dungeon, and saw 3 of its levels.

You collected 49 gold pieces.

Inventory:

Hand Weapons
 a - a +0 war axe (weapon)
Armour
 b - a +0 scale mail (worn)
 c - a +0 kite shield (worn)
Scrolls
 e - a scroll of teleportation {unknown}
 f - a scroll of acquirement {unknown}
 i - a scroll of immolation {unknown}
 j - a scroll of noise {unknown}
Potions
 d - a potion of might
 g - a potion of magic {unknown}
 h - a potion of lignification {unknown}


   Skills:
 + Level 4.1 Fighting
 + Level 3.2 Axes
 + Level 3.8 Armour
 + Level 0.3 Dodging
 + Level 0.1 Stealth
 + Level 3.6 Shields


You had 2 spell levels left.
You didn't know any spells.
Your spell library was empty.

Dungeon Overview and Level Annotations

Branches:
Dungeon (3/15)

Altars:

Shops:
D:1 :

Annotations:
D:3 Sigmund


Message History

You are too confused!
You are too confused!
You are too confused!
You are too confused!
You are too confused!
You are too confused!
You are too confused!
You are too confused!
You are too confused!
You are too confused!
You are too confused!
You are too confused!
You are too confused!
You are too confused!
You are too confused!
You are too confused!
You are too confused!
You are too confused!
You are too confused!
You are too confused!
You are too confused!
Unknown command.
You closely miss the hobgoblin. Something hits you!
The hobgoblin hits you but does no damage.
Something hits you.
The hobgoblin hits you but does no damage.
You bump into the rock wall.
You feel less confused.
You closely miss the hobgoblin. You block the hobgoblin's attack.
The hobgoblin hits you but does no damage.
Something hits you.
You slash the hobgoblin!
You kill the hobgoblin!
Something hits you but does no damage. Something hits you!
* * * LOW HITPOINT WARNING * * *
Something hits you.
* * * LOW HITPOINT WARNING * * *
You start resting.
Something hits you!
You die...

#.# #..# #
#.# #..# #
#.# #..# #
####.####..#
#
#...#....(.#
#
#..###.###.#
# #...#.##
#.#####
#..#.#####...
#.....
#....@....#
#.#####
#...#####.# #
#...# # #...#
# #...[..$...
#..........
#.#.#..##.#
#.#.#..#
#.#.#..#


There were no monsters in sight!

Vanquished Creatures
  A dart slug (D:2)
  3 bats
  4 endoplasms
  A giant cockroach (D:2)
  5 goblins
  5 hobgoblins
  4 jackals
  A quokka (D:3)
  7 ball pythons
  4 frilled lizards
  A kobold (D:1)
  3 rats
39 creatures vanquished.

Notes
Turn   | Place    | Note
-------+----------+-------------------------------------------
     0 | D:1      | Notrik the Hill Orc Fighter began the quest for the Orb.
     0 | D:1      | Reached XP level 1. HP: 19/19 MP: 1/1
   157 | D:1      | Reached XP level 2. HP: 10/27 MP: 2/2
   390 | D:1      | Found Seantof's Book Boutique.
   574 | D:1      | Upgraded the game from 0.27-a0-1087-gf39c287674 to
                  | 0.27-a0-1099-g7f87ac42b0
   968 | D:2      | Reached XP level 3. HP: 33/33 MP: 3/3
   973 | D:2      | Reached skill level 4 in Fighting
  1482 | D:2      | Found a faded altar of an unknown god.
  1844 | D:3      | Noticed Sigmund
  1859 | D:3      | Slain by Sigmund

Illustrated notes

Levels and vault maps discovered:
D:1:      lemuel_arrival_cross, layout_rooms, serial_shops, nicolae_shop_trees
D:2:      layout_basic, basic_ecumenical_altar, minmay_misc_feat_room,
          st_stairs_2
D:3:      layout_loops_ring, uniq_sigmund

Skill      XL: |  1  2  3 |
---------------+----------+-----
Axes           | 3 |  3.2
Fighting       | 4 |  4.1
Armour         | |  3.8
Dodging        | |  0.3
Stealth        | |  0.1
Shields        | |  3.6

Action                   || total
-------------------------++-------
Melee: War axe           ||   103
Armor: Scale mail        ||    47
Dodge: Dodged            ||    44
Block: Kite shield       ||    62

Table legend: (Time is in decaauts)
 A = Elapsed time spent in this place.
 B = Non-inter-level travel time spent in this place.
 C = Inter-level travel time spent in this place.
 D = Time resting spent in this place.
 E = Time spent auto-exploring this place.
 F = Levels seen in this place.
 G = Mean time per level.
                   A        B        C        D        E       F      G
               +--------+--------+--------+--------+--------+-----+--------+
         Total |   1918 |   1873 |     45 |    331 |   1271 |   3 |  639.3 |
       Dungeon |   1918 |   1873 |     45 |    331 |   1271 |   3 |  639.3 |
               +--------+--------+--------+--------+--------+-----+--------+

Top non-repeatable levels by time:
     D:2: 1004 daAuts
     D:1: 794 daAuts
     D:3: 120 daAuts
